 Dungeon Crawl Stone Soup version 0.26-b1-25-gafae2e710b (webtiles) character file.

Game seed: 2562444859438827208

79 leafyfresh the Magician (level 4, -1/32 HPs)
             Began as a Gnoll Hedge Wizard on Jan 3, 2021.
             Slain by a big kobold
             ... wielding a +0 whip
              (5 damage)
             ... in a sewer.
             The game lasted 00:06:46 (2679 turns).

leafyfresh the Magician (Gnoll Hedge Wizard)        Turns: 2679, Time: 00:06:46

Health: -1/32      AC:  2    Str: 12    XL:     4   Next: 37%
Magic:  1/13       EV: 14    Int: 18    God:
Gold:   156        SH:  0    Dex: 14    Spells: 6/17 levels left

rFire    . . .     SeeInvis .   a - +0 dagger
rCold    . . .     Faith    .   (no shield)
rNeg     . . .     Spirit   .   b - +0 robe
rPois    .         Reflect  .   c - +0 hat
rElec    .         Harm     .   (no cloak)
rCorr    .         Rampage  .   (no gloves)
Will     .....                  (no boots)
Stlth    +++.......             h - amulet of inaccuracy (curse)
HPRegen  0.10/turn              (no ring)
MPRegen  0.13/turn              (no ring)

@: brilliant
A: distributed training, fangs 1, strong nose
a: no special abilities


You were in a sewer.
You visited 1 branch of the dungeon, and saw 3 of its levels.
You also visited: Sewer.

You collected 156 gold pieces.

Inventory:

Hand Weapons
 a - a +0 dagger (weapon)
 o - a +0 hunting sling
Missiles
 p - 2 javelins (quivered)
Armour
 b - a +0 robe (worn)
 c - a +0 hat (worn)
 j - a +2 chain mail of positive energy
Jewellery
 h - a cursed amulet of inaccuracy (around neck)
Scrolls
 d - a scroll of identify
 i - a scroll of teleportation
 k - 2 scrolls of fear
 m - a scroll of enchant armour {unknown}
Potions
 e - a potion of haste
 f - a potion of cancellation


   Skills:
 + Level 1.1 Fighting
 + Level 1.1 Short Blades
 + Level 1.1 Long Blades
 + Level 1.1 Axes
 + Level 1.1 Maces & Flails
 + Level 1.1 Polearms
 + Level 1.1 Staves
 + Level 1.1 Slings
 + Level 1.1 Bows
 + Level 1.1 Crossbows
 + Level 1.1 Throwing
 + Level 1.1 Armour
 + Level 4.6 Dodging
 + Level 4.2 Stealth
 + Level 1.1 Shields
 + Level 1.1 Unarmed Combat
 + Level 7.2 Spellcasting
 + Level 2.2 Conjurations
 + Level 0.8 Hexes
 + Level 2.2 Summonings
 + Level 0.8 Necromancy
 + Level 2.2 Translocations
 + Level 0.8 Transmutations
 + Level 0.8 Fire Magic
 + Level 0.8 Ice Magic
 + Level 0.8 Air Magic
 + Level 0.8 Earth Magic
 + Level 0.8 Poison Magic
 + Level 1.2 Invocations
 + Level 1.1 Evocations


You had 6 spell levels left.
You knew the following spells:

 Your Spells              Type           Power        Failure   Level
a - Magic Dart            Conj           84%          4%          1
b - Mephitic Cloud        Conj/Pois/Air  16%          19%         3
c - Blink                 Tloc           N/A          6%          2
d - Conjure Flame         Conj/Fire      18%          17%         3
e - Call Imp              Summ           21%          6%          2

Your spell library contained the following spells:

 Spells                   Type           Power        Failure   Level
 Slow                     Hex            14%          11%         2


Dungeon Overview and Level Annotations

Branches:
Dungeon (3/15)              Sewer (1/1)

Altars:
Hepliaklqana


Innate Abilities, Weirdness & Mutations

Your experience applies equally to all skills.
You have very sharp teeth.
Your uncanny sense of smell can sniff out nearby items.


Message History

* * * LOW HITPOINT WARNING * * *
You miss the big kobold.
The big kobold is moderately wounded.
The big kobold closely misses you.
You closely miss the big kobold. Your bite misses the big kobold.
The big kobold is moderately wounded.
The big kobold hits you with a +0 whip.
* * * LOW HITPOINT WARNING * * *
You closely miss the big kobold.
You bite the big kobold, but do no damage.
The big kobold is moderately wounded.
The big kobold closely misses you.
You hit the big kobold but do no damage.
You bite the big kobold.
The big kobold is moderately wounded.
The big kobold hits you but does no damage.
You barely miss the big kobold. Your bite misses the big kobold.
The big kobold is moderately wounded.
The big kobold hits you with a +0 whip.
You die...

#########≈##
#........((####### .
#..≈≈≈≈≈.≈.≈.....#####
.K#.K≈≈≈≈≈≈≈≈≈K≈≈≈≈≈≈≈≈≈
...≈≈≈≈≈≈≈≈≈≈≈≈≈≈≈≈≈≈≈≈≈
#≈≈≈≈≈≈≈≈≈≈≈≈≈≈≈≈≈≈≈≈
#K≈≈K≈≈.K..≈.....#
#..≈....≈..###K###
############ #@# ### ∆∆
∆∆


You could see a big kobold and a kobold.

Vanquished Creatures
  An adder (D:2)
  4 dart slugs
  2 worms (D:2)
  3 leopard geckos
  2 giant cockroaches
  5 goblins
  3 hobgoblins
  5 jackals
  A quokka (D:2)
  3 ball pythons
  8 bats
  4 frilled lizards
  3 kobolds (D:1)
  7 rats
51 creatures vanquished.

Vanquished Creatures (collateral kills)
  A goblin (D:3)
1 creature vanquished.

Grand Total: 52 creatures vanquished

Notes
Turn   | Place    | Note
-------+----------+-------------------------------------------
     0 | D:1      | leafyfresh the Gnoll Hedge Wizard began the quest for the
                  | Orb.
     0 | D:1      | Reached XP level 1. HP: 13/13 MP: 8/8
   105 | D:1      | Reached XP level 2. HP: 19/19 MP: 7/10
   526 | D:1      | Reached XP level 3. HP: 22/25 MP: 9/11
  1309 | D:2      | Learned a level 3 spell: Mephitic Cloud
  1312 | D:2      | Learned a level 2 spell: Blink
  1316 | D:2      | Learned a level 3 spell: Conjure Flame
  1319 | D:2      | Learned a level 2 spell: Call Imp
  1337 | D:2      | Reached skill level 1 in Invocations
  1743 | D:2      | Reached skill level 1 in Fighting
  1743 | D:2      | Reached skill level 1 in Short Blades
  1743 | D:2      | Reached skill level 1 in Long Blades
  1743 | D:2      | Reached skill level 1 in Axes
  1743 | D:2      | Reached skill level 1 in Maces & Flails
  1743 | D:2      | Reached skill level 1 in Polearms
  1743 | D:2      | Reached skill level 1 in Staves
  1743 | D:2      | Reached skill level 1 in Slings
  1743 | D:2      | Reached skill level 1 in Bows
  1743 | D:2      | Reached skill level 1 in Crossbows
  1743 | D:2      | Reached skill level 1 in Throwing
  1743 | D:2      | Reached skill level 1 in Armour
  1743 | D:2      | Reached skill level 1 in Shields
  1743 | D:2      | Reached skill level 1 in Unarmed Combat
  1743 | D:2      | Reached skill level 1 in Evocations
  2140 | D:2      | Reached XP level 4. HP: 32/32 MP: 13/13
  2468 | D:2      | Found a hazy altar of Hepliaklqana.
  2631 | D:3      | Found a glowing drain.
  2636 | Sewer    | Entered a sewer
  2643 | Sewer    | Noticed a big kobold
  2679 | Sewer    | Slain by a big kobold

Illustrated notes

Levels and vault maps discovered:
D:1:      mrwooster_arrival_statue_2, layout_basic, serial_rivers,
          chequers_serial_rivers_large_a, chequers_serial_rivers_room_b,
          chequers_serial_rivers_marsh, chequers_serial_rivers_room_a
D:2:      layout_rooms, general_overflow_altar, kennysheep_cross_room,
          minmay_misc_feat_encased
D:3:      layout_basic, tgw_trog, portal_sewer_entry_e, xom_redecorated,
          uniq_terence, uniq_robin
Sewer:    sewer_kobolds

Skill      XL: |  1  2  3 |
---------------+----------+-----
Conjurations   | 2 |  2.2
Summonings     | 2 |  2.2
Translocations | 2 |  2.2
Invocations    | 1 |  1.2
Fighting       | 1 |  1.1
Short Blades   | 1 |  1.1
Long Blades    | 1 |  1.1
Axes           | 1 |  1.1
Maces & Flails | 1 |  1.1
Polearms       | 1 |  1.1
Staves         | 1 |  1.1
Slings         | 1 |  1.1
Bows           | 1 |  1.1
Crossbows      | 1 |  1.1
Throwing       | 1 |  1.1
Armour         | 1 |  1.1
Shields        | 1 |  1.1
Unarmed Combat | 1 |  1.1
Evocations     | 1 |  1.1
Dodging        | |  4.6
Stealth        | |  4.2
Spellcasting   | |  7.2
Hexes          | |  0.8
Necromancy     | |  0.8
Transmutations | |  0.8
Fire Magic     | |  0.8
Ice Magic      | |  0.8
Air Magic      | |  0.8
Earth Magic    | |  0.8
Poison Magic   | |  0.8

Action                   |  1- 3 |  4- 6 || total
-------------------------+-------+-------++-------
Melee: Dagger            |    94 |    35 ||   129
       Bite              |     7 |     4 ||    11
Throw: Javelin           |       |     5 ||     5
 Cast: Magic Dart        |    59 |    19 ||    78
       Blink             |     4 |     2 ||     6
       Conjure Flame     |       |     1 ||     1
       Call Imp          |       |     1 ||     1
  Use: Scroll            |     8 |     2 ||    10
       Potion            |       |     2 ||     2
 Stab: Sleeping          |    10 |     2 ||    12
       Distracted        |     1 |       ||     1
Armor: Robe              |    22 |     7 ||    29
Dodge: Dodged            |    83 |    50 ||   133
